 Dungeon Crawl Stone Soup version 0.28-a0-938-gbc3f381ebc (webtiles) character file.

Game seed: 9426467956768861274

20716 Astera the Geomancer (level 12, -2/73 HPs)
             Began as a Gargoyle Fighter on Nov 27, 2021.
             Was a High Priest of Vehumet.
             Slain by a death yak simulacrum (37 damage)
             ... in an ice cave on Nov 28, 2021.
             The game lasted 01:09:49 (12969 turns).

Astera the Geomancer (Gargoyle Fighter)            Turns: 12969, Time: 01:09:49

Health: -2/73      AC: 27    Str: 29    XL:     12   Next: 82%
Magic:  33/33      EV: 12    Int: 19    God:    Vehumet [*****.]
Gold:   273        SH:  7    Dex: 23    Spells: 17/28 levels left

rFire   + . .      SeeInvis .   h - +10 war axe of the Ancients {speed, rCorr Int+8 Dex+6}
rCold   . . .      Faith    .   c - +0 buckler
rNeg    + . .      Spirit   .   M - +1 scale mail "Jisorat" {Will+ Regen+ Str+5 Stlth+}
rPois   ∞          Reflect  .   r - +0 helmet
rElec   +          Harm     .   m - +0 cloak
rCorr   +          Rampage  .   f - +2 pair of gloves {Str+3}
Will    +....                   t - +2 pair of boots of the Gastropod {+Blink}
Stlth   ++........              K - amulet "Birez" {Acrobat rF+}
HPRegen 1.02/turn               x - +6 ring of dexterity
MPRegen 0.23/turn               B - ring of magical power

@: no status effects
A: sickness immunity, AC +8, negative energy resistance 1, electricity
resistance, torment resistance 1, petrification resistance
a: Renounce Religion, Evoke Blink


You were in an ice cave.
You worshipped Vehumet.
Vehumet was extremely pleased with you.
You visited 1 branch of the dungeon, and saw 11 of its levels.
You also visited: Sewer and Ice Cave.

You collected 705 gold pieces.
You spent 432 gold pieces at shops.

Inventory:

Hand Weapons
 h - the +10 war axe of the Ancients (weapon) {speed, rCorr Int+8 Dex+6}
   (You found it on level 4 of the Dungeon)

   Attacks with this weapon are significantly faster.
   Int:       It affects your intelligence (+8).
   Dex:       It affects your dexterity (+6).
   rCorr:     It protects you from acid and corrosion.
 F - a +5 dire flail of protection
Missiles
 l - 298 stones
 p - 6 throwing nets
Armour
 c - a +0 buckler (worn)
 f - a +2 pair of gloves of strength (worn)
 m - a +0 cloak (worn)
 o - a +0 tower shield
 r - a +0 helmet (worn)
 t - the +2 pair of boots of the Gastropod (worn) {+Blink}
   (You found it on level 4 of the Dungeon)

   +Blink:    It lets you blink.
 M - the +1 scale mail "Jisorat" (worn) {Will+ Regen+ Str+5 Stlth+}
   (You found it on level 7 of the Dungeon)

   Str:       It affects your strength (+5).
   Regen:     It increases your rate of health regeneration.
   Will:      It increases your willpower.
   Stlth:     It makes you more stealthy.
Jewellery
 k - a ring of willpower
 q - an amulet of reflection
 x - a +6 ring of dexterity (left hand)
 B - a ring of magical power (right hand)
 G - a ring of fire
 I - a ring of positive energy
 K - the amulet "Birez" (around neck) {Acrobat rF+}
   (You found it on level 7 of the Dungeon)

   [amulet of the acrobat]

   It increases your evasion while moving and waiting.
   rF:        It protects you from fire.
 R - a +6 ring of intelligence
Wands
 s - a wand of iceblast (7)
 y - a wand of digging (7)
 E - a wand of charming (7)
 P - a wand of mindburst (18)
Scrolls
 g - a scroll of identify
 j - 2 scrolls of teleportation
 w - a scroll of enchant armour
 A - a scroll of immolation
 H - 3 scrolls of enchant weapon
 J - a scroll of vulnerability {unknown}
Potions
 a - a potion of haste
 b - a potion of degeneration {unknown}
 d - a potion of might
 e - 4 potions of flight
 i - 6 potions of curing
 n - a potion of attraction {unknown}
 u - a potion of lignification {unknown}
 v - 5 potions of heal wounds
 z - 3 potions of mutation
 C - a potion of resistance {unknown}
 D - 2 potions of brilliance
 O - 13 potions of ambrosia
 Q - a potion of invisibility {unknown}
Miscellaneous
 L - a piece from Xom's chessboard (15/15)


   Skills:
 + Level 7.8 Fighting
 + Level 10.3(10.7) Axes
 + Level 4.6(8.6) Maces & Flails
 + Level 7.5 Armour
 + Level 3.0 Dodging
 + Level 2.4 Stealth
 + Level 6.1 Shields
 + Level 8.6 Spellcasting
 + Level 1.5 Conjurations
 + Level 0.2 Transmutations
 + Level 11.0 Earth Magic


You had 17 spell levels left.
You knew the following spells:

 Your Spells              Type           Power      Damage    Failure   Level
a - Sandblast             Erth           100%       2d20      1%          1
b - Lee's Rapid Deconstr  Erth           25%        3d15*     1%          5
c - Stone Arrow           Conj/Erth      64%        3d11      1%          3
d - Passwall              Tmut/Erth      24%        N/A       2%          2

Your spell library contained the following spells:

 Spells                   Type           Power      Damage    Failure   Level
 Ozocubu's Refrigeration  Ice            4%         4d5       100%        7
 Magic Dart               Conj           56%        1d5       2%          1
 Scorch                   Fire           16%        2d6       7%          2
 Mephitic Cloud           Conj/Pois/Air  10%        N/A       11%         3
 Frozen Ramparts          Ice            16%        1d3       13%         3
 Animate Armour           Summ/Erth      58%        N/A       17%         4
 Call Imp                 Summ           8%         N/A       24%         2
 Flame Wave               Conj/Fire      11%        2d5       28%         4
 Portal Projectile        Hex/Tloc       16%        N/A       43%         3
 Ice Form                 Ice/Tmut       8%         N/A       83%         4
 Summon Ice Beast         Ice/Summ       8%         N/A       85%         4
 Blade Hands              Tmut           4%         N/A       99%         5
 Excruciating Wounds      Necr           4%         N/A       99%         5
 Summon Cactus Giant      Summ           4%         N/A       100%        6
 Malign Gateway           Summ/Tloc      4%         N/A       100%        7
 Lehudib's Crystal Spear  Conj/Erth      16%        10d5      100%        8
 Summon Horrible Things   Summ           4%         N/A       100%        8


Dungeon Overview and Level Annotations

Branches:
Dungeon (11/15)            Temple (0/1) D:5            Lair (0/6) D:9
    Orc (0/2) D:9           Sewer (visited)           IceCv (1/1)

Altars:
Ashenzari
Cheibriados
Elyvilon
Gozag
Hepliaklqana
Makhleb
Qazlal
Sif Muna
Uskayaw
Vehumet
Yredelemnul
Beogh

Shops:
D:2 (   D:8 [   D:10 :

Annotations:
D:8 3 runed translucent doors, lsdbvsl's ghost, novice SpEn


Innate Abilities, Weirdness & Mutations

You are immune to sickness and miasma.
Your stone body is resilient. (AC +8)
You are immune to poison.
You resist negative energy. (rN+)
You are resistant to electric shocks. (rElec)
You are resistant to unholy torment.
You are immune to petrification.


Message History

Found 4 large rocks.
You see here 4 large rocks.
Found 14 stones.
l - 279 stones (gained 14)
You hear the faint crackling of a very distant melting archway.
Found 2 gold pieces.
Found a metallic blue potion.
u - a metallic blue potion
Found 19 stones.
Found a ring mail.
l - 298 stones (gained 19)
You hear the crackling of a melting archway nearby.
Found 27 stones.
You open the door.
Found a frozen archway.
There is an open door here.
There is a frozen archway here.
You drop a ring of magical power.
Unknown command.
The world spins around you as you enter the gateway.
You enter an ice cave!
Found an ice covered gate leading back out of this place.
There is an ice choked empty arch of ancient stone here.
You barely miss the troll simulacrum. You slice the troll simulacrum!!
The troll simulacrum vaporises!
Vehumet accepts your kill.
You slash the two-headed ogre simulacrum!
The two-headed ogre simulacrum is moderately damaged.
You slice the two-headed ogre simulacrum!!
The two-headed ogre simulacrum vaporises!
Vehumet accepts your kill. 2 simulacra come into view.
The death yak simulacrum gores you. The death yak simulacrum freezes you!!
You hit the death yak simulacrum but do no damage.
You hit the death yak simulacrum.
The death yak simulacrum is lightly damaged.
The death yak simulacrum gores you. The death yak simulacrum freezes you!!!
Ouch! That really hurt!
You die...

...........
.........
#.....#
#...#
##...#
#...##
#...##
##Z..#
##@..##
##.....##
#...∩...#
#...∩...#
##.....##
##...##
#####


You could see a death yak simulacrum.

Vanquished Creatures
  Snorg (D:11)
  Harold (D:9)
  6 two-headed ogres
  A catoblepas (D:9)
  A death yak (D:9)
  2 manticores
  An ugly thing (D:7)
  A centaur zombie (D:10)
  An elephant (D:9)
  Joseph (D:8)
  An ice statue (D:9)
  A kobold demonologist (D:9)
  Psyche (D:9)
  A troll (D:7)
  A queen bee (D:9)
  Grinder (D:5)
  A meliai zombie (D:10)
  2 shadows
  2 wyverns (D:9)
  A vampire (D:11)
  2 wraiths
  A basilisk (D:9)
  14 yaks (D:9)
  A vampire mosquito (D:7)
  3 steam dragons
  3 water moccasins
  An acid dragon (D:9)
  Edmund (D:6)
  10 orc warriors
  A sky beast (D:7)
  2 hornet zombies
  4 ice beasts
  3 black bears
  5 ogres
  2 necrophages
  7 centaurs
  3 kobold brigands
  Blork the orc (D:5)
  4 bullfrogs
  A scorpion (D:7)
  A two-headed ogre simulacrum (IceCv)
  A water moccasin zombie (D:6)
  26 killer bees (D:9)
  A water moccasin skeleton (D:5)
  6 howler monkeys
  4 wights
  5 electric eels
  3 bullfrog zombies
  3 hounds
  A bullfrog skeleton (D:7)
  2 centaur skeletons
  2 gnoll shamans
  9 orc priests
  Crazy Yiuf (D:3)
  5 iguanas
  11 orc wizards
  A troll simulacrum (IceCv)
  A killer bee zombie (D:8)
  A mummy (D:4)
  4 gnolls (D:5)
  4 adders
  3 river rats
  A shadow imp (D:7)
  An ufetubus (D:4)
  2 dart slugs
  53 orcs
  5 endoplasms
  2 giant cockroaches
  6 goblins
  11 hobgoblins
  2 jackals (Sewer)
  2 quokkas (D:4)
  6 ball pythons
  5 bats
  7 frilled lizards
  2 hobgoblin zombies (D:4)
  22 kobolds
  9 rats
  A spectral goblin (D:6)
  7 bushes (D:1)
336 creatures vanquished.

Vanquished Creatures (others)
  4 fungi (D:3)
  18 plants
  4 toadstools (D:3)
26 creatures vanquished.

Grand Total: 362 creatures vanquished

Notes
Turn   | Place    | Note
-------+----------+-------------------------------------------
     0 | D:1      | Astera the Gargoyle Fighter began the quest for the Orb.
     0 | D:1      | Reached XP level 1. HP: 14/14 MP: 1/1
   227 | D:1      | Reached XP level 2. HP: 19/19 MP: 2/2
   818 | D:1      | Found a faded altar of an unknown god.
   835 | D:1      | Prayed at the altar of an unknown god.
   835 | D:1      | Became a worshipper of Vehumet
   835 | D:1      | Reached * piety under Vehumet
   835 | D:1      | Offered knowledge of Sandblast by Vehumet.
   838 | D:1      | Learned a level 1 spell: Sandblast
  1064 | D:1      | Reached XP level 3. HP: 22/24 MP: 3/3
  1627 | D:2      | Noticed an ogre
  1814 | D:2      | Killed an ogre
  1815 | D:2      | Reached XP level 4. HP: 9/29 MP: 4/4
  1815 | D:2      | Reached XP level 5. HP: 10/33 MP: 5/5
  2424 | D:2      | Found Qusk's Weapon Shoppe.
  2693 | D:3      | Reached ** piety under Vehumet
  2693 | D:3      | Offered knowledge of Poisonous Vapours by Vehumet.
  2880 | D:3      | Found a snail-covered altar of Cheibriados.
  3225 | D:3      | Found a runed translucent door.
  3226 | D:3      | Noticed Crazy Yiuf
  3377 | D:3      | Killed Crazy Yiuf
  3546 | D:4      | Found a shimmering blue altar of Sif Muna.
  3601 | D:2      | Reached skill level 1 in Dodging
  3797 | D:3      | Reached skill level 1 in Earth Magic
  4131 | D:4      | Found a basalt altar of Yredelemnul.
  4134 | D:4      | Noticed a necrophage
  4145 | D:4      | Killed a necrophage
  4146 | D:4      | Reached XP level 6. HP: 38/38 MP: 3/6
  4216 | D:4      | Found a radiant altar of Vehumet.
  4255 | D:4      | Reached skill level 1 in Stealth
  4325 | D:4      | Noticed a black bear
  4338 | D:4      | Killed a black bear
  4339 | D:4      | Reached skill level 2 in Earth Magic
  4345 | D:4      | Identified the +10 war axe of the Ancients {speed, rCorr
                  | Int+8 Dex+6}
  4368 | D:4      | Reached skill level 1 in Spellcasting
  4368 | D:4      | Reached XP level 7. HP: 23/43 MP: 7/9
  4408 | D:4      | Identified the +2 pair of boots of the Gastropod {+Blink}
  4961 | D:5      | Entered Level 5 of the Dungeon
  5011 | D:5      | Reached skill level 1 in Axes
  5037 | D:5      | Reached skill level 5 in Armour
  5047 | D:5      | Found a glowing drain.
  5107 | Sewer    | Entered a sewer
  5163 | Sewer    | Offered knowledge of Searing Ray by Vehumet.
  5234 | Sewer    | Found a white marble altar of Elyvilon.
  5439 | D:5      | Reached XP level 8. HP: 48/48 MP: 10/10
  5440 | D:5      | Reached *** piety under Vehumet
  5441 | D:5      | Reached skill level 3 in Earth Magic
  5603 | D:5      | Noticed Grinder
  5617 | D:5      | Killed Grinder
  5618 | D:5      | Reached skill level 4 in Earth Magic
  5798 | D:5      | Noticed Blork the orc
  5802 | D:5      | Killed Blork the orc
  5900 | D:5      | Found a staircase to the Ecumenical Temple.
  6014 | D:5      | Upgraded the game from 0.28-a0-932-g843f935a50 to
                  | 0.28-a0-938-gbc3f381ebc
  6056 | D:6      | Reached skill level 5 in Fighting
  6144 | D:6      | Reached XP level 9. HP: 42/54 MP: 14/14
  6299 | D:6      | Offered knowledge of Ignite Poison by Vehumet.
  6300 | D:6      | Reached skill level 5 in Earth Magic
  6423 | D:6      | Reached skill level 5 in Axes
  6503 | D:6      | Found a broken altar of Ashenzari.
  6894 | D:6      | Found a hazy altar of Hepliaklqana.
  7007 | D:6      | Noticed Edmund
  7038 | D:6      | Killed Edmund
  7414 | D:7      | Reached skill level 6 in Earth Magic
  7422 | D:7      | Noticed a manticore
  7577 | D:7      | Killed a manticore
  8016 | D:7      | Reached skill level 5 in Spellcasting
  8016 | D:7      | Reached XP level 10. HP: 60/60 MP: 17/17
  8086 | D:7      | Noticed a white ugly thing
  8100 | D:7      | Reached **** piety under Vehumet
  8127 | D:7      | Killed a white ugly thing
  8128 | D:7      | Reached skill level 7 in Earth Magic
  8498 | D:7      | Offered knowledge of Lee's Rapid Deconstruction by Vehumet.
  8595 | D:7      | Identified the +1 scale mail "Jisorat" {Will+ Regen+ Str+5
                  | Stlth+}
  8595 | D:7      | Identified the amulet "Birez" {Acrobat rF+}
  8610 | D:7      | Reached skill level 5 in Shields
  8701 | D:7      | Learned a level 5 spell: Lee's Rapid Deconstruction
  8789 | D:7      | Found an opulent altar of Gozag.
  8820 | D:7      | Found a white marble altar of Elyvilon.
  8891 | D:7      | Noticed a boulder beetle
  9033 | D:8      | Noticed Joseph
  9043 | D:8      | Killed Joseph
  9164 | D:8      | Found Ponkokhew's Armour Shop.
  9172 | D:8      | Bought a +1 pair of gloves of strength for 198 gold pieces
  9207 | D:8      | Noticed lsdbvsl's ghost (novice SpEn)
  9207 | D:8      | Noticed a two-headed ogre
  9218 | D:8      | Found a runed translucent gate.
  9218 | D:8      | Found a runed translucent gate.
  9220 | D:8      | Found a runed translucent gate.
  9379 | D:8      | Noticed a two-headed ogre
  9434 | D:8      | Killed a two-headed ogre
  9435 | D:8      | Reached skill level 8 in Earth Magic
  9435 | D:8      | Reached XP level 11. HP: 66/66 MP: 20/20
  9590 | D:8      | Found a hide-covered altar of Uskayaw.
  9699 | D:8      | Noticed a two-headed ogre
  9711 | D:8      | Killed a two-headed ogre
 10042 | D:9      | Learned a level 3 spell: Stone Arrow
 10304 | D:9      | Noticed a catoblepas
 10338 | D:9      | Killed a catoblepas
 10466 | D:9      | Found a stormy altar of Qazlal.
 10477 | D:9      | Noticed a two-headed ogre
 10488 | D:9      | Killed a two-headed ogre
 10516 | D:9      | Noticed a two-headed ogre
 10522 | D:9      | Reached skill level 9 in Earth Magic
 10527 | D:9      | Killed a two-headed ogre
 10532 | D:9      | Noticed a two-headed ogre
 10553 | D:9      | Killed a two-headed ogre
 10582 | D:9      | Reached ***** piety under Vehumet
 10607 | D:9      | Offered knowledge of Ozocubu's Refrigeration by Vehumet.
 10825 | D:9      | Found an opulent altar of Gozag.
 10825 | D:9      | Noticed a manticore
 10833 | D:9      | Killed a manticore
 10943 | D:9      | Noticed a death yak
 10944 | D:9      | Reached XP level 12. HP: 72/72 MP: 23/23
 10964 | D:9      | Killed a death yak
 10967 | D:9      | Reached skill level 10 in Earth Magic
 11080 | D:9      | Found a staircase to the Lair.
 11209 | D:9      | Identified the +10 trident of Hairy Cruel Justice {flame,
                  | *Rage rElec rCorr Stlth+}
 11305 | D:9      | Reached skill level 10 in Axes
 11456 | D:9      | Reached skill level 1 in Conjurations
 11516 | D:9      | Found a staircase to the Orcish Mines.
 11737 | D:9      | Noticed Harold
 11742 | D:9      | Killed Harold
 11870 | D:9      | Noticed Psyche
 11875 | D:9      | Killed Psyche
 11983 | D:10     | Entered Level 10 of the Dungeon
 12026 | D:10     | Noticed a two-headed ogre
 12058 | D:10     | Killed a two-headed ogre
 12294 | D:10     | Found Bumaomod's Book Shop.
 12297 | D:10     | Bought a book of Geomancy for 234 gold pieces
 12300 | D:10     | Learned a level 2 spell: Passwall
 12410 | D:10     | Found a burning altar of Makhleb.
 12713 | D:11     | Noticed an eight-headed hydra
 12761 | D:11     | Noticed Snorg
 12787 | D:11     | Killed Snorg
 12788 | D:11     | Reached skill level 11 in Earth Magic
 12930 | D:11     | Found a frozen archway.
 12940 | IceCv    | Entered an ice cave
 12969 | IceCv    | Slain by a death yak simulacrum

Illustrated notes

Levels and vault maps discovered:
D:1:      tarquinn_simple_flora_water_a, layout_basic,
          shapermc_ecumenical_altar_ellora, lexackson_kobold_supper
D:2:      layout_basic, serial_shops, nicolae_shop_bloodbath_and_beyond
D:3:      layout_rooms, lemuel_doored_altar, minmay_gold_behind_fungi,
          minivault_27, uniq_crazy_yiuf_cottage
D:4:      kennysheep_six_static_rooms, layout_basic,
          nicolae_vehumet_altar_sigil, mainiacjoe_overflow_catwalk,
          nicolae_sif_muna_condensation, nicolae_ossuary_entry_giza
D:5:      layout_loops_ring, temple_statues, cheibrodos_sewer_entry_sluice,
          uniq_blork_the_orc, uniq_menkaure, uniq_grinder
D:6:      layout_cave_pods, cheibrodos_ashenzari_chains,
          nicolae_hepliaklqana_monster_ancestors, uniq_edmund
D:7:      minmay_the_grid_square_5x5_3x3 [minmay_the_grid_square_5x5_v,
          minmay_the_grid_square_5x5_half_checkered,
          minmay_the_grid_square_5x5_hourglass,
          minmay_the_grid_square_5x5_fat_x,
          minmay_the_grid_square_5x5_megaprize_checkered,
          minmay_the_grid_square_5x5_tie, minmay_the_grid_square_5x5_bridge,
          minmay_the_grid_square_5x5_n_small, minmay_the_grid_square_5x5_lines],
          layout_gridville, grunt_gozag_breadcrumbs,
          mainiacjoe_overflow_alcove_1
D:8:      layout_basic, general_overflow_altar, serial_shops, shop,
          gammafunk_ghost_split, kennysheep_opposing_triangles, uniq_joseph
D:9:      minmay_bubble_buster, layout_basic, david_lair_generic, david_orc_5,
          special_room [special_room_bee], minmay_strange_pillars, minivault_16,
          serial_park_tiny_pond, serial_bayou_lagoon_a,
          hangedman_feature_mirror, uniq_harold, uniq_psyche
D:10:     layout_loops_ring, lemuel_tele_altar, serial_shops,
          nicolae_shop_trees, kennysheep_small_spiral
D:11:     layout_stronghold, portal_ice_cave_entry_pillars_1, uniq_snorg
IceCv:    ice_cave_tombish

Skill      XL: |  1  2  3  4  5  6  7  8  9 10 11 12 |
---------------+-------------------------------------+-----
Maces & Flails | 3 4 |  4.6
Armour         | 4 5 6 7 |  7.5
Shields        | 4 5 6 |  6.1
Fighting       | 4 5 6 7 |  7.8
Dodging        | 1 2 3 |  3.0
Earth Magic    | 1 2 4 6 8 9 11 | 11.0
Stealth        | 1 2 |  2.4
Spellcasting   | 1 3 5 6 7 8 |  8.6
Axes           | 2 4 6 8 9 10 | 10.3
Conjurations   | 1 |  1.5
Transmutations | |  0.2

Action                   |  1- 3 |  4- 6 |  7- 9 | 10-12 || total
-------------------------+-------+-------+-------+-------++-------
Melee: Flail             |     9 |       |       |       ||     9
       Morningstar       |   343 |   133 |       |       ||   476
       War axe           |       |     4 |   176 |   369 ||   549
Throw: Stone             |       |       |     1 |       ||     1
 Cast: Sandblast         |       |    13 |    70 |    85 ||   168
       Lee's Rapid Decon |       |       |       |    30 ||    30
       Stone Arrow       |       |       |       |    25 ||    25
       Passwall          |       |       |       |     7 ||     7
Evoke: Piece from Xom's  |       |       |       |     1 ||     1
  Use: Scroll            |       |     2 |     1 |     9 ||    12
       Potion            |       |       |     1 |     2 ||     3
 Stab: Sleeping          |       |       |       |     3 ||     3
       Distracted        |       |       |       |     1 ||     1
Armor: Scale mail        |    56 |    94 |    75 |   134 ||   359
Dodge: Dodged            |    46 |    57 |    70 |   138 ||   311
Block: Buckler           |    16 |    33 |    46 |    93 ||   188

Table legend: (Time is in decaauts)
 A = Elapsed time spent in this place.
 B = Non-inter-level travel time spent in this place.
 C = Inter-level travel time spent in this place.
 D = Time resting spent in this place.
 E = Time spent auto-exploring this place.
 F = Levels seen in this place.
 G = Mean time per level.
                   A        B        C        D        E       F      G
               +--------+--------+--------+--------+--------+-----+--------+
         Total |  13104 |  12548 |    556 |   2136 |   5316 |  13 | 1008.0 |
       Dungeon |  12698 |  12142 |    556 |   2136 |   5285 |  11 | 1154.4 |
         Sewer |    379 |    379 |      0 |      0 |     31 |   1 |  379.0 |
      Ice Cave |     26 |     26 |      0 |      0 |      0 |   1 |   26.0 |
               +--------+--------+--------+--------+--------+-----+--------+

Top non-repeatable levels by time:
     D:6: 1973 daAuts
     D:9: 1894 daAuts
     D:1: 1733 daAuts
     D:3: 1233 daAuts
     D:2: 1223 daAuts
     D:8: 1093 daAuts
     D:4: 984 daAuts
     D:7: 912 daAuts
    D:10: 729 daAuts
     D:5: 707 daAuts
   Sewer: 379 daAuts
    D:11: 213 daAuts
   IceCv: 26 daAuts
